 Dungeon Sprint DCSS version 0.30-a0-802-gb92711bcdf (webtiles) character file.

Game seed: 17171257890117530997

1100000 BigDaddyOpFi the Nimble (level 11, -4/84 HPs)
             Began as a Djinni Summoner on Feb 23, 2023.
             Was a Follower of Makhleb.
             Slain by a bag of meat
             ... wielding a +9 war axe
              (12 damage)
             ... in the Dungeon (Sprint VIII: "Arena of Blood").
             The game lasted 00:00:15 (11 turns).

BigDaddyOpFi the Nimble (Djinni Summoner)             Turns: 11, Time: 00:00:16

Health: -4/84      AC:  2    Str:  7    XL:     11   Next: 25%
Gold:   0          EV: 19    Int: 16    God:    Makhleb [*.....] SH:  0 Dex: 19

rFire   + + .      SeeInvis .    g - +∞ Axe of Woe
rCold   x . .      Faith    .    (shield currently unavailable)
rNeg    . . .      Spirit   .    a - +0 robe
rPois   ∞          Reflect  .    (no helmet)
rElec   .          Harm     .    (no cloak)
rCorr   .          Rampage  .    (no gloves)
Will    +....      NoTele   +    (boots unavailable)
Stlth   ++++                     (no amulet)
HPRegen 0.34/turn                (no ring)
MPRegen 0.00/turn                (no ring)

@: flying
A: sickness immunity, fire resistance 2, cold vulnerability 1, float, innate
caster, HP casting, extra vitality 1
a: Renounce Religion


You were in the Dungeon.
You worshipped Makhleb.
Makhleb was aware of your devotion.
You visited 1 branch

Inventory:

Hand Weapons
 g - the +∞ Axe of Woe (weapon)
   (You found it in the Dungeon)
Armour
 a - a +0 robe (worn)
Scrolls
 f - a scroll of blinking
Potions
 b - a potion of curing
 c - a potion of heal wounds
 d - a potion of haste
 e - a potion of berserk rage


   Skills:
 + Level 9.4 Fighting
 + Level 7.7 Axes
 + Level 9.3 Armour
 + Level 10.6 Dodging
 + Level 8.8 Stealth
 + Level 9.6 Unarmed Combat
 + Level 8.1 Spellcasting
 + Level 9.4 Invocations


You knew the following spells:

 Your Spells              Type           Power      Damage    Failure   Level
a - Summon Small Mammal   Summ           100%       N/A       1%          1
b - Call Imp              Summ           32%        N/A       1%          2
c - Call Canine Familiar  Summ           32%        N/A       1%          3
d - Summon Guardian Gole  Hex/Summ       32%        N/A       1%          3
e - Summon Lightning Spi  Summ/Air       32%        N/A       3%          4
f - Freeze                Ice            100%       1d10      1%          1
g - Static Discharge      Conj/Air       64%        2-5/arc   1%          2
h - Searing Ray           Conj           64%        2d6       1%          2
i - Swiftness             Air            32%        N/A       1%          3
j - Fireball              Conj/Fire      16%        3d8       11%         5
Your spell library was empty.

Dungeon Overview and Level Annotations

Branches:
Dungeon (1/1)

Altars:
Makhleb


Innate Abilities, Weirdness & Mutations

You are immune to sickness and miasma.
You are immune to poison.
Your flesh is very heat resistant. (rF++)
You are vulnerable to cold. (rC-)
You float through the air rather than walking.
You learn spells naturally, not from books.
Your magical power is your life essence.
You have superior vitality. (+4 MHP)


Message History

Your Invocations skill gained 9 levels and is now at level 9!
You have reached level 2!
You have reached level 3!
Your experience leads to an increase in your attributes!
Increase (S)trength, (I)ntelligence, or (D)exterity?
You feel agile. x2
The power to cast Freeze wells up from within.
Spell assigned to 'f'.
You have reached level 4!
You feel agile.
You have reached level 5!
The power to cast Static Discharge wells up from within.
Spell assigned to 'g'.
You have reached level 6!
You have reached level 7!
The power to cast Searing Ray wells up from within.
Spell assigned to 'h'.
You have reached level 8!
You feel agile.
You have reached level 9!
Your experience leads to an increase in your attributes!
Increase (S)trength, (I)ntelligence, or (D)exterity?
You feel agile. x2
The power to cast Swiftness wells up from within.
Spell assigned to 'i'.
You have reached level 10!
You have reached level 11!
The power to cast Fireball wells up from within.
Spell assigned to 'j'.
Unknown command.
Press < or > to pray at altars.
You hit the bag of meat.
You cleave the bag of meat in twain.
You kill the bag of meat!
Makhleb accepts your kill.
You can now gain health from killing.
You slash the bag of meat!
You slaughter the bag of meat joyfully.
You kill the bag of meat!
Makhleb accepts your kill.
You hear a shout! x11
The bag of meat hits you with a +9 war axe!
You die...

.. ..... #.
...# #.. ...# .
.###.. ...###..
......###......
......_.....
#....)# #_.<.@#
#....o#
.....O_....o
.....o###......
.###.. ...###..
#.. ...# . #.
...# .. .....


You could see a meat berserker (berserk) and 2 bags of meat.

Vanquished Creatures
  3 orcs (D)
3 creatures vanquished.

Notes
Turn   | Place    | Note
-------+----------+-------------------------------------------
     0 | D        | Found the +∞ Axe of Woe
     0 | D        | BigDaddyOpFi the Djinni Summoner began the quest for the
                  | Orb.
     0 | D        | BigDaddyOpFi set off with the following spells memorised:
                  | Summon Small Mammal, Call Imp, Call Canine Familiar, Summon
                  | Guardian Golem, Summon Lightning Spire.
     0 | D        | Reached XP level 1. HP: 15/15 MP: 0/0
     2 | D        | Noticed a bag of meat
     3 | D        | Noticed a bag of meat
     4 | D        | Became a worshipper of Makhleb the Destroyer
     4 | D        | Noticed a bag of meat
     5 | D        | Noticed a bag of meat
     7 | D        | Noticed a bag of meat
     7 | D        | Noticed a bag of meat
    10 | D        | Killed a bag of meat
    10 | D        | Noticed a meat berserker
    11 | D        | Reached skill level 10 in Dodging
    11 | D        | Reached XP level 2. HP: 3/34 MP: 0/0
    11 | D        | Reached XP level 3. HP: 4/40 MP: 0/0
    11 | D        | Learned a level 1 spell: Freeze
    11 | D        | Reached XP level 4. HP: 4/45 MP: 0/0
    11 | D        | Reached XP level 5. HP: 5/50 MP: 0/0
    11 | D        | Learned a level 2 spell: Static Discharge
    11 | D        | Reached XP level 6. HP: 5/57 MP: 0/0
    11 | D        | Reached XP level 7. HP: 6/61 MP: 0/0
    11 | D        | Learned a level 2 spell: Searing Ray
    11 | D        | Reached XP level 8. HP: 6/67 MP: 0/0
    11 | D        | Reached XP level 9. HP: 7/73 MP: 0/0
    11 | D        | Learned a level 3 spell: Swiftness
    11 | D        | Reached XP level 10. HP: 7/78 MP: 0/0
    11 | D        | Reached XP level 11. HP: 8/84 MP: 0/0
    11 | D        | Learned a level 5 spell: Fireball
    11 | D        | Killed a bag of meat
    11 | D        | Reached * piety under Makhleb
    11 | D        | Killed a bag of meat
    11 | D        | Slain by a bag of meat

Illustrated notes

Levels and vault maps discovered:
D:        meatsprint

Skill      XL: |  1 |
---------------+----+-----
Fighting       | 9 |  9.4
Axes           | 7 |  7.7
Armour         | 9 |  9.3
Dodging        | 10 | 10.6
Stealth        | 8 |  8.8
Unarmed Combat | 9 |  9.6
Spellcasting   | 8 |  8.1
Invocations    | 9 |  9.4

Action                     |  1- 3 |  4- 6 |  7- 9 | 10-12 || total
---------------------------+-------+-------+-------+-------++-------
  Melee: Executioner's axe |     1 |       |       |     1 ||     2

Table legend: (Time is in decaauts)
 A = Elapsed time spent in this place.
 B = Non-inter-level travel time spent in this place.
 C = Inter-level travel time spent in this place.
 D = Time resting spent in this place.
 E = Time spent auto-exploring this place.
 F = Levels seen in this place.
 G = Mean time per level.
                   A        B        C        D        E       F      G
               +--------+--------+--------+--------+--------+-----+--------+
         Total |     11 |     11 |      0 |      0 |      0 |   1 |   11.0 |
       Dungeon |     11 |     11 |      0 |      0 |      0 |   1 |   11.0 |
               +--------+--------+--------+--------+--------+-----+--------+

Top non-repeatable levels by time:
       D: 11 daAuts
